 Dungeon Sprint DCSS version 0.30-a0-55-g90e3122c3a (webtiles) character file.

Game seed: 16164691596130798449

47 rocky1 the Slasher (level 3, -13/34 HPs)
             Began as a Merfolk Berserker on Sept 10, 2022.
             Was a Believer of Trog.
             Mangled by Crazy Yiuf
             ... wielding a +4 quarterstaff of chaos
              (17 damage)
             ... in the Dungeon (Sprint III: "The Ten Rune Challenge").
             The game lasted 00:01:27 (296 turns).

rocky1 the Slasher (Merfolk Berserker)               Turns: 296, Time: 00:01:28

Health: -13/34     AC:  2    Str: 17    XL:     3   Next: 70%
Magic:  3/3        EV: 14    Int:  6    God:    Trog [**....]
Gold:   15         SH:  0    Dex: 15    Spells: 2/2 levels left

rFire   . . .      SeeInvis .    a - +0 falchion
rCold   . . .      Faith    .    (no shield)
rNeg    . . .      Spirit   .    j - +0 robe
rPois   .          Reflect  .    (no helmet)
rElec   .          Harm     .    (no cloak)
rCorr   .          Rampage  .    (no gloves)
Will    .....      NoTele   +    (boots currently unavailable)
Stlth   ++........               (no amulet)
HPRegen 0.11/turn                (no ring)
MPRegen 0.08/turn                (no ring)

@: mighty, grasped by roots, on berserk cooldown, constricted, very quick
A: nimble swimmer 2, mertail
a: Renounce Religion, Berserk, Trog's Hand


You were in the Dungeon.
You worshipped Trog.
Trog was pleased with you.
You visited 1 branch You collected 15 gold pieces.

Inventory:

Hand Weapons
 a - a +0 falchion (weapon)
Armour
 i - a +0 pair of boots (melded)
 j - a +0 robe (worn)
Scrolls
 h - a scroll of blinking
Potions
 c - a potion of curing
 d - a potion of heal wounds
 e - a potion of haste
 f - 2 potions of magic
 g - a potion of berserk rage


   Skills:
 + Level 5.7 Fighting
 + Level 6.4 Long Blades
 - Level 2.1 Armour
 + Level 4.1 Dodging


You had 2 spell levels left.
You didn't know any spells.
Your spell library was empty.

Dungeon Overview and Level Annotations

Branches:
Dungeon (1/1)

Altars:

Annotations:
D Crazy Yiuf


Innate Abilities, Weirdness & Mutations

You are very nimble when in or above water. (Stealth+, EV+, Speed+++)
Your lower body shifts to a powerful aquatic tail in water.


Message History

You barely miss the human.
The human is almost dead.
You miss the human.
Your tail-slap misses the human.
The human is almost dead.
The human misses you.
You slice the human!!
You kill the human!
Trog accepts your kill.
You are no longer berserk.
You are exhausted.
You feel yourself slow down.
Your Long Blades skill increases to level 6!
Your Dodging skill increases to level 4!
Unknown command.
Your +0 pair of boots unmelds from your body.
You start resting.
HP restored.
Your legs become a tail as you enter the water.
Your +0 pair of boots melds into your body.
Crazy Yiuf the Enlightened comes into view.
He is wielding a +4 quarterstaff of chaos and carrying a wand of roots (13).
You feel yourself speed up.
Crazy Yiuf zaps a wand.
The roots erupt in riotous growth!
The grasping roots grab you!
Crazy Yiuf is unaffected.
The grasping roots constrict you.
You closely miss Crazy Yiuf.
Crazy Yiuf hits you with a +4 quarterstaff of chaos!
The grasping roots constrict you.
You barely miss Crazy Yiuf. Crazy Yiuf closely misses you.
The grasping roots constrict you.
You hit Crazy Yiuf but do no damage.
Crazy Yiuf hits you with a +4 quarterstaff of chaos!
* * * LOW HITPOINT WARNING * * *
You feel very mighty all of a sudden. The grasping roots constrict you.
* * * LOW HITPOINT WARNING * * *
You closely miss Crazy Yiuf. You tail-slap Crazy Yiuf.
Crazy Yiuf is moderately wounded.
Crazy Yiuf hits you with a +4 quarterstaff of chaos!
Ouch! That really hurt!
You die...

▓▓▓▓ ▓▓▓▓ ▓<.#
+...♣♣♣♣ ▓..#
#....♣.
▓#'####.....♣
▓.....#....g♣♣
▓.....#...~@.♣♣♣♣
▓.....#..~~~~♣..♣.+
▓####'#..~≈≈~~~...#
▓.....#.~~≈~~~....#
▓...[.#.~≈~~~.....#
▓.....#.~~~.......#
▓'#####...........#
▓.................#
▓▓▓▓▓▓▓▓▓▓▓▓▓▓▓▓▓▓▓


You could see Crazy Yiuf.

Vanquished Creatures
  Jessica (D)
  A human (D)
  2 endoplasms (D)
  A rat (D)
5 creatures vanquished.

Notes
Turn   | Place    | Note
-------+----------+-------------------------------------------
     0 | D        | rocky1 the Merfolk Berserker began the quest for the Orb.
     0 | D        | Reached XP level 1. HP: 18/18 MP: 1/1
     6 | D        | Reached skill level 4 in Long Blades
   193 | D        | Noticed Jessica
   194 | D        | Reached ** piety under Trog
   197 | D        | Killed Jessica
   198 | D        | Reached skill level 5 in Fighting
   198 | D        | Reached skill level 5 in Long Blades
   198 | D        | Reached XP level 2. HP: 26/27 MP: 2/2
   198 | D        | Reached XP level 3. HP: 32/33 MP: 3/3
   259 | D        | Reached skill level 6 in Long Blades
   285 | D        | Noticed Crazy Yiuf
   296 | D        | Mangled by Crazy Yiuf

Illustrated notes

Levels and vault maps discovered:
D:        dungeon_sprint_mu [sprint_mu_entry_forest, sprint_mu_temple_rooms,
          sprint_mu_d1_horrors, sprint_mu_d2_genie, sprint_mu_d3_branching,
          sprint_mu_orc_legion, sprint_mu_elf_gauntlet, sprint_mu_hive_nellie,
          sprint_mu_lair_fedhas, sprint_mu_vaults_butterflies,
          sprint_mu_slime_circle, sprint_mu_swamp_cave, sprint_mu_shoals_kraken,
          sprint_mu_blade_basic, sprint_mu_crypt_lich, sprint_mu_tomb_spiral,
          sprint_mu_vestibule_basic, sprint_mu_gehenna_hellfire,
          sprint_mu_dis_giant, sprint_mu_tartarus_statrot,
          sprint_mu_cocytus_islands, sprint_mu_zot1]

Skill      XL: |  1  2  3 |
---------------+----------+-----
Long Blades    | 5 6 |  6.4
Dodging        | 3 4 |  4.1
Fighting       | 5 |  5.7
Armour         | 2 |  2.1

Action                   || total
-------------------------++-------
Melee: Falchion          ||    24
       Tailslap          ||     1
Invok: Berserk           ||     1
Dodge: Dodged            ||     9

Table legend: (Time is in decaauts)
 A = Elapsed time spent in this place.
 B = Non-inter-level travel time spent in this place.
 C = Inter-level travel time spent in this place.
 D = Time resting spent in this place.
 E = Time spent auto-exploring this place.
 F = Levels seen in this place.
 G = Mean time per level.
                   A        B        C        D        E       F      G
               +--------+--------+--------+--------+--------+-----+--------+
         Total |    303 |    303 |      0 |    195 |      0 |   1 |  303.0 |
       Dungeon |    303 |    303 |      0 |    195 |      0 |   1 |  303.0 |
               +--------+--------+--------+--------+--------+-----+--------+

Top non-repeatable levels by time:
       D: 303 daAuts
